 Dungeon Crawl Stone Soup version 0.31.0-12-g77e489cdc1 (webtiles) character file.

Game seed: 6998337851919191805

343 booth the Chopper (level 6, -1/48 HPs)
             Began as a Demonspawn Gladiator on Feb 18, 2024.
             Killed from afar by a white imp (12 damage)
             ... with a puff of frost
             ... on level 4 of the Dungeon.
             The game lasted 00:14:05 (2851 turns).

booth the Chopper (Demonspawn Gladiator)            Turns: 2851, Time: 00:14:06

Health: -1/48      AC:  8    Str: 15    XL:     6   Next: 31%
Magic:  6/6        EV: 11    Int: 10    God:
Gold:   248        SH:  0    Dex: 14    Spells: 5/5 levels left

rFire   . . .        a - +0 war axe
rCold   . . .        (no shield)
rNeg    . . .        h - +0 ring mail
rPois   .            c - +0 helmet
rElec   .            (no cloak)
rCorr   .            (no gloves)
SInv    .            (no boots)
Will    .....        (no amulet)
Stlth   +            (no ring)
HPRegen 0.28/turn    (no ring)
MPRegen 0.10/turn

%: no passive effects
@: no status effects
A: slimy green scales 1, demonic guardian 1, demonic touch 1
a: no special abilities


You were on level 4 of the Dungeon.
You visited 1 branch of the dungeon, and saw 4 of its levels.

You collected 270 gold pieces.
You spent 22 gold pieces at shops.

Inventory:

Hand Weapons
 a - a +0 war axe (weapon)
 t - a +2 flail of venom
Missiles
 d - 3 throwing nets
 e - 6 javelins
 g - 4 poisoned darts
 k - 4 boomerangs (quivered)
Armour
 c - a +0 helmet (worn)
 h - a +0 ring mail (worn)
 s - a +0 scale mail
Wands
 n - a wand of charming (4)
Scrolls
 b - a scroll of fog
 f - a scroll of amnesia {unknown}
 l - a scroll of vulnerability
 m - a scroll of butterflies {unknown}
 r - a scroll of revelation {unknown}
Potions
 i - a potion of curing {unknown}
 j - 2 potions of lignification {unknown}
 o - a potion of enlightenment {unknown}
 p - a potion of attraction {unknown}
 q - a potion of might {unknown}


   Skills:
 + Level 3.7 Fighting
 * Level 5.0 Axes
 + Level 3.3 Throwing
 - Level 2.6 Dodging


You had 5 spell levels left.
You didn't know any spells.
Your spell library contained the following spells:

 Spells                   Type           Power      Damage    Failure   Level
 Apportation              Tloc           0%         N/A       58%         1
 Summon Small Mammal      Summ           0%         N/A       58%         1
 Jinxbite                 Hex            0%         N/A       75%         2
 Lesser Beckoning         Tloc           0%         N/A       75%         2
 Call Canine Familiar     Summ           0%         N/A       92%         3
 Gell's Gravitas          Tloc           0%         N/A       92%         3
 Teleport Other           Tloc           0%         N/A       92%         3
 Summon Blazeheart Golem  Fire/Summ      0%         N/A       100%        4
 Alistair's Intoxication  Alch           0%         N/A       100%        5


Dungeon Overview and Level Annotations

Branches:
Dungeon (4/15)
 Temple: D:4-7

Altars:
Cheibriados
Trog

Shops:
D:2 *   D:4 :

Annotations:
D:4 3 runed translucent doors, luckylaki's ghost, amateur TrBe


Innate Abilities, Weirdness & Mutations

You are partially covered in slimy green scales. (AC +2)
A weak demonic guardian rushes to your aid.
Your touch may inflict minor irresistible damage on your foes.


Message History

The ufetubus barely misses your iron imp.
The shadow imp hits your iron imp.
Your iron imp hits the shadow imp.
The shadow imp hits your iron imp but does no damage.
The white imp gestures at you. The puff of frost hits your iron imp.
Your iron imp resists.
The shadow imp hits your iron imp.
Your iron imp dies!
Your iron imp disappears in a puff of smoke!
Throw: 4 boomerangs
Press: ? - help, Q - select action, (/) - cycle Shift-Dir - straight line, f - white imp
Aim: a white imp (57% to hit)
You throw a boomerang. The boomerang hits the white imp.
The white imp is lightly wounded.
You closely miss the white imp. Your touch misses the white imp.
The white imp is lightly wounded.
The white imp hits you but does no damage.
You closely miss the white imp.
The white imp is lightly wounded.
The white imp hits you but does no damage.
You slash the white imp! Your touch misses the white imp.
The white imp is severely wounded.
You barely miss the white imp. Your touch misses the white imp.
The white imp is severely wounded.
The white imp gestures at you. The puff of frost hits you!
You closely miss the white imp.
The white imp is severely wounded.
The white imp barely misses you.
The white imp hits you but does no damage.
You hit the white imp but do no damage.
The white imp is severely wounded.
The white imp gestures at you. The puff of frost hits you.
* * * LOW HITPOINT WARNING * * *
You barely miss the white imp.
You touch the white imp.
You kill the white imp!
The white imp gestures at you. The puff of frost hits you!
You die...

..#....# #....#..)
....#.†# #.##...)#
.......# ###
#.##.#.## .###.###
##.## #.##....#
#...## ##.#.##
#.##....# ##.##
##.###.###.#.....#
#...##### ##.##
##.##.......#
.....<..# #.##
##...###...#
#...###.# ##@##
#...## ##..#
.#.#.# #
##.###.##.# #..#
....... ##5#.# #.#
#.## .#.#.##.
#55....#. .##
#...## #
.....#.##. #.#
#.....#. # #.#
#..∩..#. ......#.
......#


You could see a white imp, a shadow imp and an ufetubus.

Vanquished Creatures
  An orc priest (D:3)
  An orc wizard (D:3)
  6 adders
  4 gnolls (D:4)
  2 shadow imps (D:4)
  4 white imps (D:4)
  3 ufetubi (D:4)
  4 dart slugs
  2 ribbon worms
  12 orcs
  4 endoplasms
  2 giant cockroaches
  4 goblins
  3 hobgoblins
  2 jackals (D:4)
  6 kobolds
  A quokka (D:1)
  8 ball pythons
  4 bats
  4 frilled lizards (D:1)
  4 rats
81 creatures vanquished.

Vanquished Creatures (collateral kills)
  Jessica (D:2)
  2 shadow imps (D:4)
  A ball python (D:2)
4 creatures vanquished.

Vanquished Creatures (others)
  An adder (D:4)
1 creature vanquished.

Grand Total: 86 creatures vanquished

Notes
Turn   | Place    | Note
-------+----------+-------------------------------------------
     0 | D:1      | booth the Demonspawn Gladiator began the quest for the Orb.
     0 | D:1      | Reached XP level 1. HP: 16/16 MP: 1/1
   131 | D:1      | Reached skill level 3 in Axes
   132 | D:1      | Gained mutation: A weak demonic guardian rushes to your
                  | aid. [demonic ancestry]
   132 | D:1      | Reached XP level 2. HP: 18/22 MP: 2/2
   652 | D:2      | Gained mutation: You are partially covered in slimy green
                  | scales. (AC +2) [demonic ancestry]
   652 | D:2      | Reached XP level 3. HP: 19/28 MP: 3/3
   940 | D:2      | Noticed Jessica
   959 | D:2      | Killed Jessica
   960 | D:2      | Gained mutation: Your touch may inflict minor irresistible
                  | damage on your foes. [demonic ancestry]
   960 | D:2      | Reached XP level 4. HP: 9/34 MP: 4/4
  1235 | D:2      | Found Lomy's General Store.
  1244 | D:2      | Bought a scroll of identify for 22 gold pieces
  1701 | D:3      | Found a faded altar of an unknown god.
  1765 | D:3      | Reached skill level 4 in Axes
  1954 | D:3      | Reached XP level 5. HP: 34/41 MP: 5/5
  2179 | D:3      | Found a bloodstained altar of Trog.
  2179 | D:3      | Found a snail-covered altar of Cheibriados.
  2409 | D:4      | Found Suc Icoel's Book Boutique.
  2526 | D:4      | Reached XP level 6. HP: 41/47 MP: 6/6
  2782 | D:4      | Found a runed translucent gate.
  2782 | D:4      | Found a runed translucent gate.
  2783 | D:4      | Found a runed translucent gate.
  2785 | D:4      | Noticed luckylaki's ghost (amateur TrBe)
  2840 | D:4      | Reached skill level 5 in Axes
  2851 | D:4      | Killed from afar by a white imp

Illustrated notes

Levels and vault maps discovered:
D:1:      matt_arrival_los_fun, layout_rooms
D:2:      layout_loops_ring, serial_shops, shop, chequers_serial_rivers_micro_d,
          minmay_tree_intersection, uniq_jessica
D:3:      layout_rooms, amethyst_overflow_temple_binary,
          dreamdust_ecumenical_altar_grove, chequers_garden,
          grunt_ministairs_14, dk_noncrumbling_3
D:4:      layout_loops_ring, serial_shops, shop, ebering_ghost_rock_garden,
          serial_demonic, serial_demonic_b, serial_demonic_d, serial_demonic_d,
          serial_demonic_a, dreamdust_wishing_well,
          nicolae_kite_square_tiling_tiny

Skill      XL: |  1  2  3  4  5  6 |
---------------+-------------------+-----
Axes           | 3 4 5 |  5.0
Throwing       | 2 3 |  3.3
Fighting       | 3 |  3.7
Dodging        | |  2.6

Action                     |  1- 3 |  4- 6 || total
---------------------------+-------+-------++-------
  Melee: War axe           |   102 |   141 ||   243
         Punch             |     1 |       ||     1
         Touch             |       |    22 ||    22
  Throw: Boomerang         |       |     9 ||     9
    Use: Scroll            |     1 |     2 ||     3
         Potion            |     1 |       ||     1
   Stab: Distracted        |       |     1 ||     1
 Armour: Leather armour    |    24 |       ||    24
         Ring mail         |    48 |    92 ||   140
  Dodge: Dodged            |    56 |    82 ||   138
